Unix NetHack Version 5.0.0-0 post-release - last build May 31 2026 23:59:36 (970b52f25bf058293b47ddfd14a1e40e571c508c,branch:main).

Game began 2026-06-06 20:16:18, ended 2026-06-06 20:52:01.

Frompor, chaotic female orcish Barbarian

                                           ---------               --------
                                           |.......|              |.......|
                                           |........####       `##-.......|
                                           ----.----### #         |.......|
                       -------------           #      ####        |.......|
                       |...........|           #       ##`########-.......|
                       |...........|           #        ###       |.......|
                       |...........|      -----|--------- #       -------.-
                       --#-----.----    ##-.............| ##          ####
                               #        # |.............|  #         ##
                               #        ##|...>.........|  ###       #
                         #########     ## |.(...........|    #      ##
                  ######## ----|-.-----## ---------------    #      #
                           |...........#                     #      #
                           |..........|                      ###  ###
                           |(.........|                        # -S-------
                           ------------                        ##-.SdS.<.|
                                                                 |.S{S.S.|
                                                                 ---------

Frompor the Pillager       St:18/03 Dx:17 Co:18 In:7 Wi:8 Ch:7  Chaotic
Dlvl:3  $:61 HP:0(41) Pw:4(4) AC:7  Xp:3 T:1466  Hungry  

Latest messages:
 You swap places with Idefix.
 You are beginning to feel hungry.
 This door is locked.
 This door is locked.
 This door is locked.
 In what direction? 8
 As you kick the door, it crashes open!
 You swap places with Idefix.
 You swap places with Idefix.
 You swap places with Idefix.
 You swap places with Idefix.
 You swap places with Idefix.
 The door opens.
 With great effort you move the boulder.
 You try to move the boulder, but in vain.
 You try to move the boulder, but in vain.
 The door resists!
 The door opens.
 With great effort you move the boulder.
 You hear the splashing of a naiad.
 Drink from the fountain? [yn] (n) y
 An endless stream of snakes pours forth!
 Idefix misses the water moccasin.
 Idefix misses the water moccasin.
 You miss the water moccasin.
 The water moccasin bites!
 The water moccasin bites!
 The water moccasin bites!
 The water moccasin bites!
 Idefix misses the water moccasin.
 The water moccasin bites!
 Idefix misses the water moccasin.
 You miss the water moccasin.
 The water moccasin bites!
 The water moccasin bites!
 The water moccasin just misses!
 The water moccasin bites!
 Idefix misses the water moccasin.
 The water moccasin bites!
 What do you want to wear? [*] ?
 Which ring-finger, Right or Left? [rl] r
 Gee!  All of a sudden, you can't see yourself.
 s - a ring of invisibility (on right hand).
 The water moccasin bites!
 The water moccasin bites!
 The water moccasin misses!
 The water moccasin bites!
 You die...
 Do you want your possessions identified? [ynq] (y) y
 Do you want to see your attributes? [ynq] (y) q

Inventory:
 Coins    ('$')
  $ - 61 gold pieces
 Amulets  ('"')
  v - a cursed amulet of change
 Weapons  (')')
  h - 20 cursed -1 darts
  t - a +0 elven dagger
  j - a +0 orcish dagger
  b - a +0 axe (alternate weapon; not wielded)
  a - a +0 two-handed sword (weapon in hands)
 Armor    ('[')
  r - an uncursed +0 orcish helm (being worn)
  c - an uncursed +0 orcish ring mail (being worn)
 Comestibles  ('%')
  y - an uncursed candy bar labeled "Berry Bar"
  d - 2 uncursed food rations
  q - an uncursed lembas wafer
  e - 2 uncursed tripe rations
 Scrolls  ('?')
  x - an uncursed scroll of amnesia
  u - an uncursed scroll of charging
  o - an uncursed scroll of light
  f - 2 uncursed scrolls of scare monster
 Spellbooks  ('+')
  A - an uncursed spellbook of blank paper
  l - an uncursed spellbook of cancellation
  k - an uncursed spellbook of cure blindness
  B - an uncursed spellbook of detect monsters
 Potions  ('!')
  p - an uncursed diluted potion of gain energy
  g - an uncursed potion of healing
  z - an uncursed potion of oil
 Rings    ('=')
  s - an uncursed ring of invisibility (on right hand)
 Gems/Stones  ('*')
  D - an uncursed worthless piece of white glass
  m - an uncursed worthless piece of yellow glass
  n - an uncursed worthless piece of yellowish brown glass

Frompor the Barbarian's attributes:

Background:
 You were a Pillager, a level 3 female orcish Barbarian.
 You were chaotic, nominally on a mission for Set
 who was opposed by Mitra (lawful) and Crom (neutral).
 You were right-handed.
 You were in the Dungeons of Doom, on level 3.
 You entered the dungeon 1466 turns ago.
 You had 69 experience points, 11 more were needed to attain level 4.

Basics:
 You had 0 out of 41 hit points.
 You had all 4 energy points (spell power).
 Your armor class was 7.
 Your wallet contained 61 zorkmids.
 Autopickup was off.

Final Characteristics:
 Your strength was 18/03 (limit:18/50).
 Your dexterity was 17 (limit:18).
 Your constitution was 18 (limit:18).
 Your intelligence was 7 (limit:16).
 Your wisdom was 8 (limit:16).
 Your charisma was 7 (limit:16).

Final Status:
 You were hungry.
 You were unencumbered.
 You were wielding a two-handed sword.
 You had basic skill with two-handed sword.

Final Attributes:
 You were devoutly aligned.
 You were sleep resistant.
 You were poison resistant.
 You had infravision.
 You were invisible.
 You were warded.
 You are dead.

Miscellaneous:
 You didn't encounter any bones levels.
 Total elapsed playing time was 35 minutes and 20 seconds.

Major events:
 Turn
    1: Frompor the chaotic female orcish Barbarian entered the dungeon
  467: entered the Gnomish Mines
  982: attained the rank of Pillager (level 3)
 1466: killed by a water moccasin

You didn't know any spells.

Skills:
 Fighting Skills
   bare handed combat [Basic]
   two weapon combat  [Unskilled]
   riding             [Unskilled]
 Weapon Skills
   dagger             [Unskilled]
   axe                [Basic]
   pick-axe           [Unskilled]
   short sword        [Unskilled]
   broadsword         [Unskilled]
   long sword         [Unskilled]
   two-handed sword   [Basic]
   saber              [Unskilled]
   club               [Unskilled]
   mace               [Unskilled]
   morning star       [Unskilled]
   flail              [Unskilled]
   hammer             [Unskilled]
   quarterstaff       [Unskilled]
   spear              [Unskilled]
   trident            [Unskilled]
   bow                [Unskilled]
 Spellcasting Skills
   attack spells      [Unskilled]
   escape spells      [Unskilled]

Voluntary challenges:
 Character rerolling was not enabled.
 You were an atheist.
 You never genocided any monsters.
 You never polymorphed an object.
 You never changed form.
 You used no wishes.
Achievements:
 You entered the Gnomish Mines.
 You attained the rank of Pillager.

 The Dungeons of Doom: levels 1 to 5
    Level 1:
    Level 2:
       An altar.
       Stairs down to The Gnomish Mines.
    Level 3: <- You were here.
       A fountain.
       Final resting place for
          you, killed by a water moccasin.
    Level 4:
       A grave.
    Level 5:
 The Gnomish Mines:
    Level 3:


Vanquished creatures:
  a homunculus
 an iguana
  a hobbit
  a yellow mold
  2 geckos
  4 kobolds
  2 goblins
  3 grid bugs
  a bat
  2 lichens
  a kobold zombie
  2 newts
21 creatures vanquished.

No species were genocided or became extinct.

Game over:
                       ----------
                      /          \
                     /    REST    \
                    /      IN      \
                   /     PEACE      \
                  /                  \
                  |     Frompor      |
                  |      61 Au       |
                  |   killed by a    |
                  |  water moccasin  |
                  |                  |
                  |                  |
                  |       2026       |
                 *|     *  *  *      | *
        _________)/\\_//(\/(/\)/\//\/|_)_______

Goodbye Frompor the Barbarian...

You died in The Dungeons of Doom on dungeon level 3 with 561 points,
and 61 pieces of gold, after 1466 moves.
You were level 3 with a maximum of 41 hit points when you died.

